 Dungeon Crawl Stone Soup version 0.21.0 (webtiles) character file.

33 Blackhawk the Stinger (level 3, -2/24 HPs)
             Began as a Demonspawn Venom Mage on May 29, 2018.
             Shot with an arrow by a centaur (14 damage)
             ... on level 2 of the Dungeon.
             The game lasted 00:05:06 (1173 turns).

Blackhawk the Stinger (Demonspawn Venom Mage)       Turns: 1173, Time: 00:05:06

Health: -2/24      AC:  4    Str:  8    XL:     3   Next: 12%
Magic:  1/6        EV: 12    Int: 17    God:
Gold:   95         SH:  0    Dex: 13    Spells: 5/6 levels left

rFire    . . .     SeeInvis .   h - +0 dagger
rCold    . . .     Gourm    .   (no shield)
rNeg     . . .     Faith    .   a - +0 robe
rPois    .         Spirit   .   (no helmet)
rElec    .         Reflect  .   (no cloak)
rCorr    .         Harm     .   (no gloves)
MR       .....                  (no boots)
Stlth    ++........             (no amulet)
HPRegen  0.08/turn              (no ring)
MPRegen  0.10/turn              (no ring)

@: very slightly contaminated
A: icy blue scales 1, powered by death 1
a: no special abilities


You were on level 2 of the Dungeon.
You were not hungry.

You visited 1 branch of the dungeon, and saw 2 of its levels.

You collected 95 gold pieces.

Inventory:

Hand Weapons
 h - a +0 dagger (weapon)
Armour
 a - a +0 robe (worn)
Scrolls
 e - a scroll of identify {unknown}
 g - a scroll of enchant armour {unknown}
 i - a scroll of fog {unknown}
Potions
 d - a potion of flight {unknown}
Books
 b - a Young Poisoner's Handbook

   Spells                             Type                      Level
   a - Sting                          Conjuration/Poison           1
   b - Poisonous Vapours              Poison/Air                   2
   c - Mephitic Cloud                 Conjuration/Poison/Air       3
   d - Olgreb's Toxic Radiance        Poison                       4
   e - Venom Bolt                     Conjuration/Poison           5
Comestibles
 c - 3 rations


   Skills:
 - Level 0.1 Fighting
 + Level 1.8 Dodging
 - Level 1.8 Stealth
 - Level 0.5 Unarmed Combat
 + Level 2.3 Spellcasting
 + Level 1.1 Conjurations
 + Level 3.7 Poison Magic


You had 5 spell levels left.
You knew the following spells:

 Your Spells              Type           Power        Failure   Level  Hunger
a - Sting                 Conj/Pois      ##..         7%          1    #......


Dungeon Overview and Level Annotations

Branches:
Dungeon (2/15)

Altars:


Innate Abilities, Weirdness & Mutations

You are partially covered in icy blue scales. (AC +2)
You regenerate a little health from kills.


Message History

The centaur is moderately wounded.
The centaur shoots an arrow.
The arrow hits you!
Casting: Sting
Confirm with . or Enter, or press ? or * to list all spells.
Aiming: Sting
Press: ? - help, Shift-Dir - straight line, f/p - centaur
Aim: a centaur, wielding a shortbow (moderately wounded, poisoned)
You miscast Sting.
You are very lightly contaminated with residual magic.
Nothing appears to happen.
The centaur shoots an arrow.
The arrow closely misses you.
The arrow hits the plant.
The centaur shoots an arrow.
The arrow completely misses you.
The arrow hits the plant.
Casting: Sting
Confirm with . or Enter, or press ? or * to list all spells.
You don't have enough magic to cast that spell.
The centaur shoots an arrow.
The arrow misses you.
The centaur shoots an arrow.
The arrow hits you!
Ouch! That really hurt!
You die...

#$..≈≈≈≈≈.........
#..≈≈≈≈≈≈≈........
#.≈≈≈≈≈≈≈≈≈≈......
##.≈≈≈≈≈≈≈≈≈≈......
#####.P(≈≈≈≈≈≈≈≈.......
#...(...≈≈≈≈≈≈≈........
#.####.PcP.≈≈)P....#.#
#..P..P...P...#.#
##.####@####<...### #.#
..................# #.#
############.####.# #c#
#.# #(# #.# #.# #.# #(#
#.# #.# #.# #<# #.# #(#


You could see a centaur.

Vanquished Creatures
  An ooze (D:1)
  2 dart slugs (D:1)
  A leopard gecko (D:2)
  4 bats (D:1)
  A giant cockroach (D:1)
  4 goblins (D:1)
  3 hobgoblins (D:1)
  A ball python (D:1)
  A frilled lizard (D:1)
  2 kobolds
  5 rats (D:1)
25 creatures vanquished.

Notes
Turn   | Place    | Note
-------+----------+-------------------------------------------
     0 | D:1      | Blackhawk the Demonspawn Venom Mage began the quest for the Orb.
     0 | D:1      | Reached XP level 1. HP: 13/13 MP: 3/3
   156 | D:1      | Gained mutation: You regenerate a little health from kills. [demonic ancestry]
   156 | D:1      | Reached XP level 2. HP: 19/19 MP: 1/5
   557 | D:1      | Gained mutation: You are partially covered in icy blue scales. (AC +2) [demonic ancestry]
   557 | D:1      | Reached XP level 3. HP: 24/24 MP: 3/6
   779 | D:2      | Noticed a centaur
  1173 | D:2      | Shot with an arrow by a centaur

Action                   || total
-------------------------++-------
Melee: Unarmed           ||     3
       Dagger            ||    23
 Cast: Sting             ||    42
  Eat: Ration            ||     1
Armor: Robe              ||     9
Dodge: Dodged            ||    26
